 Dungeon Crawl Stone Soup version 0.27.1-2-g3b301248ec (webtiles) character file.

Game seed: 9774672735901666326

65 Urokeeper the Poker (level 3, 0/51 HPs)
             Began as a Minotaur Berserker on Sept 28, 2021.
             Was a Believer of Trog.
             Slain by an orc priest (5 damage)
             ... on level 3 of the Dungeon.
             The game lasted 00:04:19 (1709 turns).

Urokeeper the Poker (Minotaur Berserker)            Turns: 1709, Time: 00:04:19

Health: 0/51       AC:  8    Str: 22    XL:     3   Next: 92%
Magic:  2/2        EV:  5    Int:  4    God:    Trog [**....]
Gold:   54         SH:  7    Dex:  9    Spells: 2/2 levels left

rFire    . . .     SeeInvis .   a - +0 spear
rCold    . . .     Faith    .   f - +0 kite shield
rNeg     . . .     Spirit   .   g - +0 chain mail
rPois    .         Reflect  .   (helmet restricted)
rElec    .         Harm     .   (no cloak)
rCorr    .         Rampage  .   (no gloves)
Will     ++...                  (no boots)
Stlth    ..........             (no amulet)
HPRegen  1.17/turn              (no ring)
MPRegen  0.08/turn              (no ring)

@: berserking, strong-willed, regenerating, very quick
A: horns 2, retaliatory headbutt
a: Renounce Religion, Berserk, Trog's Hand


You were on level 3 of the Dungeon.
You worshipped Trog.
Trog was pleased with you.
You visited 1 branch of the dungeon, and saw 3 of its levels.

You collected 54 gold pieces.

Inventory:

Hand Weapons
 a - a +0 spear (weapon)
 i - a +0 battleaxe
Armour
 b - a +0 animal skin
 f - a +0 kite shield (worn)
 g - a +0 chain mail (worn)
Scrolls
 d - a scroll of fear {unknown}
 e - 2 scrolls of enchant weapon {unknown}
Potions
 c - a potion of curing {unknown}
 h - a potion of might {unknown}


   Skills:
 + Level 4.4 Fighting
 + Level 4.9 Polearms
 + Level 2.5 Armour
 + Level 2.6 Dodging
 + Level 0.1 Stealth


You had 2 spell levels left.
You didn't know any spells.
Your spell library contained the following spells:

 Spells                   Type           Power      Damage    Failure   Level
 Animate Skeleton         Necr           0%         N/A       100%        1
 Pain                     Necr           0%         1d4       100%        1
 Blink                    Tloc           N/A        N/A       100%        2
 Lesser Beckoning         Tloc           0%         N/A       100%        3
 Vampiric Draining        Necr           0%         2d6       100%        3
 Manifold Assault         Tloc           0%         N/A       100%        5


Dungeon Overview and Level Annotations

Branches:
Dungeon (2/15)

Altars:
Makhleb


Innate Abilities, Weirdness & Mutations

You have a pair of horns on your head.
You reflexively headbutt those who attack you in melee.


Message History

You closely miss the orc priest.
The orc priest is moderately wounded.
The orc hits you with a +0 flail.
The orc priest mumbles some strange prayers to Beogh against you.
Pain shoots through your body!
You barely miss the orc priest.
The orc priest is moderately wounded.
The orc hits you with a +0 flail.
The orc priest calls down the wrath of Beogh upon you.
Beogh smites you!
You hear a shout!
You are too injured to fight recklessly!
Your skin crawls.
You feel strong-willed.
The orc priest looks encouraged for a moment.
You block the orc's attack.
The orc priest invokes the aid of Beogh against you.
You resist with almost no effort.
The orc priest calls upon Beogh to heal the orc priest.
The orc priest's wounds heal themselves!
A red film seems to cover your vision as you go berserk!
You feel yourself moving faster!
You feel mighty! The orc hits you with a +0 flail.
The orc priest hits you with a +0 dagger.
* * * LOW HITPOINT WARNING * * *
You barely miss the orc priest. You block the orc's attack.
You puncture the orc priest!
The orc priest is severely wounded.
An orc comes into view. It is wielding a +0 hand axe.
The orc priest invokes the aid of Beogh against you.
Beogh smites you!
* * * LOW HITPOINT WARNING * * *
The orc hits you with a +0 flail.
* * * LOW HITPOINT WARNING * * *
The orc priest calls upon Beogh to heal the orc priest.
The orc priest is healed somewhat.
Your shield and chain mail prevent you from hitting the orc priest.
The orc priest barely misses you. The orc barely misses you.
The orc priest hits you with a +0 dagger.
You die...

.. ##### .#
#...# ..#
#._.# ##.#
#...##...
#'''#.o####..
#...#oo......
+.♣.o@#
+.♣.'.#
+.♣.'...#
#...#.###
#+++#.. #.##
#.. ###


You could see 2 orc priests and 2 orcs.

Vanquished Creatures
  An adder (D:2)
  A worm (D:2)
  4 endoplasms
  4 giant cockroaches
  4 goblins
  6 hobgoblins
  5 kobolds
  6 quokkas
  8 ball pythons
  5 bats
  2 frilled lizards (D:2)
  2 rats (D:1)
48 creatures vanquished.

Notes
Turn   | Place    | Note
-------+----------+-------------------------------------------
     0 | D:1      | Urokeeper the Minotaur Berserker began the quest for the
                  | Orb.
     0 | D:1      | Reached XP level 1. HP: 19/19 MP: 0/0
    47 | D:1      | Reached XP level 2. HP: 23/27 MP: 1/1
   394 | D:1      | Found a faded altar of an unknown god.
   548 | D:1      | Reached ** piety under Trog
   869 | D:1      | Reached XP level 3. HP: 33/33 MP: 2/2
  1693 | D:2      | You fall into a shaft and drop 1 floor!
  1696 | D:3      | Found a burning altar of Makhleb.
  1709 | D:3      | Slain by an orc priest

Illustrated notes

Levels and vault maps discovered:
D:1:      minmay_arrival_diagonal_passages, layout_basic,
          chequers_ecumenical_altar_simple
D:2:      layout_basic
D:3:      layout_rooms, nzn_overflow_gifts_of_might_and_magic,
          mainiacjoe_overflow_alcove_1, nicolae_overflow_crystal_walls,
          lemuel_doored_altar, mainiacjoe_overflow_big_doors,
          ebering_ghost_disaster_area

Skill      XL: |  1  2 |
---------------+-------+-----
Polearms       | 4 |  4.9
Fighting       | 4 |  4.4
Armour         | |  2.5
Dodging        | |  2.6
Stealth        | |  0.1

Action                   || total
-------------------------++-------
Melee: Spear             ||   135
       Headbutt          ||    17
Invok: Berserk           ||     1
       Trog's Hand       ||     1
 Stab: Sleeping          ||     1
Armor: Animal skin       ||    17
       Chain mail        ||     9
Dodge: Dodged            ||    64
Block: Kite shield       ||     9
